 Dungeon Crawl Stone Soup version 0.22-a0-512-g0943f25 (webtiles) character file.

1157 kae the Slasher (level 8, -3/71 HPs)
             Began as a Minotaur Fighter on June 18, 2018.
             Splashed by a gnoll's acid (10 damage)
             ... on level 6 of the Dungeon.
             The game lasted 00:03:20 (4376 turns).

kae the Slasher (Minotaur Fighter)                  Turns: 4376, Time: 00:03:21

Health: -3/71      AC:  8    Str: 23    XL:     8   Next: 16%
Magic:  7/7        EV:  9    Int:  6    God:
Gold:   254        SH:  9    Dex:  9    Spells: 7/7 levels left

rFire    . . .     SeeInvis .   a - +1 long sword
rCold    . . .     Gourm    .   c - +0 shield
rNeg     . . .     Faith    .   b - +0 scale mail
rPois    .         Spirit   .   (helmet restricted)
rElec    .         Reflect  .   h - scarf {repulsion}
rCorr    .         Harm     .   k - +1 pair of gloves
MR       .....                  s - +1 pair of boots
Stlth    ..........             (no amulet)
HPRegen  0.21/turn              (no ring)
MPRegen  0.10/turn              (no ring)

@: corroded, repel missiles
A: retaliatory headbutt, horns 2
a: no special abilities


You were on level 6 of the Dungeon.
You were not hungry.

You visited 1 branch of the dungeon, and saw 6 of its levels.
You also visited: Ossuary.

You collected 254 gold pieces.

Inventory:

Hand Weapons
 a - a +1 long sword (weapon)
Armour
 b - a +0 scale mail (worn)
 c - a +0 shield (worn)
 h - a scarf of repulsion (worn)
 k - a +1 pair of gloves (worn)
 s - a +1 pair of boots (worn)
Jewellery
 r - an uncursed amulet of guardian spirit
Wands
 q - a wand of iceblast (8)
Scrolls
 g - 2 scrolls of random uselessness
 i - 2 scrolls of amnesia
 n - 4 scrolls of teleportation
 v - a scroll of fear
 A - 2 scrolls of remove curse
Potions
 d - a potion of might
 j - 2 potions of heal wounds
 l - a potion of flight
 o - 2 potions of brilliance
 p - 2 potions of resistance
 t - 4 potions of curing
 u - a potion of haste
 w - a potion of agility
 x - a potion of lignification
 z - a potion of ambrosia {unknown}
 B - a potion of degeneration {unknown}
Comestibles
 f - 14 rations


   Skills:
 + Level 6.3 Fighting
 * Level 7.7 Long Blades
 + Level 6.3 Armour
 + Level 4.4 Dodging
 - Level 3.6 Shields


You had 7 spell levels left.
You didn't know any spells.
Your spell library was empty.

Dungeon Overview and Level Annotations

Branches:
Dungeon (6/15)
 Temple: D:4-7

Altars:
Dithmenos
The Shining One

Annotations:
D:4 3 runed doors, Etaph's ghost, novice MiMo


Innate Abilities, Weirdness & Mutations

You reflexively headbutt those who attack you in melee.
You have a pair of horns on your head.


Message History

The gnoll barely misses you.
The crimson imp blinks!
You are too injured to fight recklessly!
You are too injured to fight recklessly!
You slash the orc!
You kill the orc!
The gnoll hits you but does no damage.
You slash the orc priest!
The orc priest is severely wounded.
The orc priest hits you. You block the gnoll's attack.
The gnoll zaps a wand.
The bolt of acid hits you! The acid corrodes you!
You are splashed with acid!
The acid burns!
It is a wand of acid (6).
You hit the orc priest. Your headbutt misses the orc priest.
The orc priest is almost dead.
The orc priest misses you. You furiously retaliate!
You headbutt the orc priest.
You kill the orc priest!
You block the gnoll's attack.
The gnoll zaps a wand.
The bolt of acid hits you!
* * * LOW HITPOINT WARNING * * *
You are splashed with acid!
The acid burns!
You die...

*,**,,.,,,,,*.#****,*,*
*,,,,,,.,****.#*,,,,,,*
*,,*,,,#o* *.#*,**,***
*,,,,,,*.####.,,,,,,#####
**,,*,,,,oog.#**,##*#...####
*,***,,,,o5.##...# #.(..ll.
*,,*,**,*#gg.5.#,* #...####
*******,,,,,,,*#S#**,,,* ##.##
,,,,,*********##@##***** #.#
**,,,,,,** #..)# ##.## *,,,,,,,,*
#.(.# #...# *,,*,,,,,* #.((#
#####...# *,,****,,* #g(.#
#.......####
*,,****,,######...####.####......
*,,,,,,,.#.g...........####..####
,,*****,..........(....).........
*** *,,,.........(.(<..##)#..#.##


You could see an orc wizard, 4 gnolls, a crimson imp, an adder and an orc.

Vanquished Creatures
  Menkaure (D:6)
  A black bear (D:6)
  A centaur (D:6)
  A bullfrog (D:6)
  3 crimson imps
  A centaur zombie (D:5)
  2 hounds
  2 orc wizards
  2 orc priests (D:6)
  2 bullfrog skeletons (D:5)
  An iguana (D:5)
  3 worker ants (D:4)
  A big kobold zombie (Ossuary)
  3 mummies (Ossuary)
  A hound skeleton (D:5)
  3 gnolls (D:6)
  A howler monkey skeleton (D:4)
  6 adders
  An ooze (D:2)
  An adder skeleton (D:4)
  3 worms
  3 dart slugs
  4 leopard geckos
  17 orcs
  7 giant cockroaches
  11 goblins
  14 hobgoblins
  6 jackals (D:2)
  7 quokkas
  7 bats
  7 frilled lizards
  2 goblin zombies (Ossuary)
  6 hobgoblin zombies (Ossuary)
  5 kobolds
  4 quokka zombies (Ossuary)
  4 rats
  5 rat zombies (Ossuary)
149 creatures vanquished.

Notes
Turn   | Place    | Note
-------+----------+-------------------------------------------
     0 | D:1      | kae the Minotaur Fighter began the quest for the Orb.
     0 | D:1      | Reached XP level 1. HP: 19/19 MP: 0/0
   205 | D:1      | Reached XP level 2. HP: 27/27 MP: 1/1
   237 | D:1      | Reached skill level 3 in Long Blades
   325 | D:1      | Reached skill level 1 in Dodging
   530 | D:1      | Reached XP level 3. HP: 33/33 MP: 2/2
   950 | D:2      | Reached XP level 4. HP: 40/40 MP: 3/3
  1029 | D:2      | Found a glowing golden altar of the Shining One.
  1249 | D:3      | Reached skill level 4 in Long Blades
  1361 | D:3      | Reached XP level 5. HP: 38/47 MP: 4/4
  1994 | D:4      | Reached skill level 5 in Long Blades
  2180 | D:4      | Found a runed gate.
  2181 | D:4      | Found a runed gate.
  2181 | D:4      | Found a runed gate.
  2182 | D:4      | Noticed Etaph's ghost (novice MiMo)
  2222 | D:4      | Reached XP level 6. HP: 48/55 MP: 5/5
  2430 | D:4      | Reached skill level 5 in Fighting
  2430 | D:4      | Reached skill level 5 in Armour
  2923 | D:5      | Entered Level 5 of the Dungeon
  3358 | D:5      | Reached skill level 6 in Long Blades
  3471 | D:5      | Reached XP level 7. HP: 61/61 MP: 6/6
  3779 | D:6      | Found a sand-covered staircase.
  3784 | Ossuary  | Entered an ossuary
  4109 | D:6      | Found a shadowy altar of Dithmenos.
  4111 | D:6      | Noticed Menkaure
  4118 | D:6      | Killed Menkaure
  4118 | D:6      | Reached skill level 7 in Long Blades
  4348 | D:6      | Reached XP level 8. HP: 65/70 MP: 7/7
  4376 | D:6      | Splashed by a gnoll's acid

Vault maps used:
D:1:      roderic_crop_circles_arrival_small
D:2:      nicolae_tso_carved_into_rock, first_ration
D:4:      gammafunk_ghost_necromancy, st_stairs_8
D:6:      enter_ossuary_5, nicolae_dithmenos_through_a_glass_darkly,
          uniq_menkaure, uniq_eustachio
Ossuary:  ossuary_minmay_chase

Skill      XL: |  1  2  3  4  5  6  7 |
---------------+----------------------+-----
Long Blades    | 3 4 5 6 7 |  7.7
Dodging        | 1 2 3 4 |  4.4
Fighting       | 4 5 6 |  6.3
Armour         | 4 5 6 |  6.3
Shields        | |  3.6

Action                   |  1- 3 |  4- 6 |  7- 9 || total
-------------------------+-------+-------+-------++-------
Melee: Long sword        |   114 |   206 |   103 ||   423
       Headbutt          |    17 |    33 |    29 ||    79
  Use: Scroll            |       |    10 |     8 ||    18
       Potion            |       |       |     1 ||     1
  Eat: Chunk             |       |     8 |     4 ||    12
Armor: Scale mail        |    61 |    99 |    59 ||   219
Dodge: Dodged            |    40 |    63 |    43 ||   146
       Deflected         |       |     2 |     3 ||     5
Block: Shield            |    76 |    93 |    69 ||   238
       Rpst.: Long sword |     7 |    12 |     9 ||    28

Table legend:
 A = Spawn XP
 B = Non-spawn XP
 C = Spawn XP percentage of total XP
 D = Spawn monster count
 E = Non-spawn monster count
 F = Spawn count percentage of total count
 G = Total turns spent on level
                    A         B        C        D         E        F      G
               +---------+---------+-------+---------+---------+-------+---------
         Total |       0 |    1654 |   0.0 |       0 |     149 |   0.0 |  4376
               +---------+---------+-------+---------+---------+-------+---------
           D:1 |       0 |      42 |   0.0 |       0 |      23 |   0.0 |   671
           D:2 |       0 |      79 |   0.0 |       0 |      28 |   0.0 |   565
           D:3 |       0 |     105 |   0.0 |       0 |      28 |   0.0 |   666
           D:4 |       0 |     251 |   0.0 |       0 |      14 |   0.0 |  1021
           D:5 |       0 |     323 |   0.0 |       0 |      13 |   0.0 |   786
           D:6 |       0 |     751 |   0.0 |       0 |      22 |   0.0 |   470
       Ossuary |       0 |     103 |   0.0 |       0 |      21 |   0.0 |   197
               +---------+---------+-------+---------+---------+-------+---------
